 Dungeon Crawl Stone Soup version 0.21.1-1-g345015f (webtiles) character file.

60 Gingerlord the Sneak (level 3, -12/16 HPs)
             Began as a Spriggan Enchanter on May 31, 2018.
             Mangled by an orc
             ... wielding a +0 hand axe of electrocution
              (24 damage)
             ... on level 2 of the Dungeon.
             The game lasted 00:03:33 (1178 turns).

Gingerlord the Sneak (Spriggan Enchanter)           Turns: 1178, Time: 00:03:34

Health: -12/16     AC:  2    Str:  5    XL:     3   Next: 80%
Magic:  8/8        EV: 19    Int: 16    God:
Gold:   79         SH:  0    Dex: 16    Spells: 5/8 levels left

rFire    . . .     SeeInvis +   a - +1 dagger
rCold    . . .     Gourm    .   (shield restricted)
rNeg     . . .     Faith    .   b - +0 robe
rPois    .         Spirit   .   (helmet restricted)
rElec    .         Reflect  .   (no cloak)
rCorr    .         Harm     +   (gloves unavailable)
MR       .....                  (boots unavailable)
Stlth    +++.......             m - amulet of harm
HPRegen  0.05/turn              (no ring)
MPRegen  0.11/turn              (no ring)

@: very quick
A: very small, unfitting armour, see invisible, herbivore, speed 3, slow
metabolism 2
a: no special abilities


You were on level 2 of the Dungeon.
You were not hungry.

You visited 1 branch of the dungeon, and saw 2 of its levels.

You collected 79 gold pieces.

Inventory:

Hand Weapons
 a - a +1 dagger (weapon)
Armour
 b - a +0 robe (worn)
Jewellery
 m - an amulet of harm (around neck)
Scrolls
 f - a scroll of teleportation {unknown}
 g - a scroll of random uselessness {unknown}
 h - a scroll of fog {unknown}
 j - a scroll of identify {unknown}
 k - a scroll of enchant armour {unknown}
Potions
 e - a potion of heal wounds {unknown}
 i - a potion of haste {unknown}
 l - a potion of ambrosia {unknown}
 n - a potion of flight {unknown}
Books
 c - a book of Maledictions

   Spells                             Type                      Level
   a - Corona                         Hexes                        1
   b - Ensorcelled Hibernation        Hexes/Ice                    2
   c - Confuse                        Hexes                        3
   d - Tukima's Dance                 Hexes                        3
   e - Dazzling Spray                 Conjuration/Hexes            3
Comestibles
 d - 2 rations


   Skills:
 + Level 1.8 Short Blades
 + Level 3.6 Dodging
 * Level 5.5 Stealth
 + Level 3.3 Spellcasting
 + Level 4.0 Hexes


You had 5 spell levels left.
You knew the following spells:

 Your Spells              Type           Power        Failure   Level  Hunger
a - Corona                Hex            ###....      3%          1    None
b - Ensorcelled Hibernat  Hex/Ice        #.....       12%         2    ##.....


Dungeon Overview and Level Annotations

Branches:
Dungeon (2/15)

Altars:
Makhleb


Innate Abilities, Weirdness & Mutations

You are very small and have problems with some larger weapons.
You are too small for most types of armour.
You have supernaturally acute eyesight. (SInv)
You are a herbivore.
You cover ground extremely quickly.
You need consume almost no food.


Message History

You impale the orc wizard!!
You kill the orc wizard!
Your Hexes skill increases to level 4!
The orc shouts!
The orc shouts!
You hit the orc.
The orc is moderately wounded.
You hear an angry hiss.
The orc closely misses you.
You closely miss the orc.
The orc is moderately wounded.
You barely miss the orc.
The orc is moderately wounded.
The orc misses you.
You hit the orc.
The orc is severely wounded.
The orc hits you with a hand axe of electrocution.
You are electrocuted!
Ouch! That really hurt!
You die...

#. #. #.##..# .....#
..... ######...#
#........ #.#
#..######### #.#
#...@ooo.... #.#
#..######### #.####.†##
#......(.#
#.#####..######.#....
####.# #..##.........#
#....# #..##.........#
#.##.#####.(.#.........#
#............#.........#


You could see 3 orcs.

Vanquished Creatures
  An orc wizard (D:2)
  2 bats (D:1)
  5 giant cockroaches
  4 goblins (D:1)
  2 hobgoblins (D:1)
  6 kobolds (D:1)
  5 frilled lizards
  4 rats
29 creatures vanquished.

Notes
Turn   | Place    | Note
-------+----------+-------------------------------------------
     0 | D:1      | Gingerlord the Spriggan Enchanter began the quest for the Orb.
     0 | D:1      | Reached XP level 1. HP: 9/9 MP: 5/5
   382 | D:1      | Reached XP level 2. HP: 13/13 MP: 6/6
   428 | D:1      | Learned a level 2 spell: Ensorcelled Hibernation
   499 | D:1      | Reached skill level 5 in Stealth
   995 | D:1      | Reached XP level 3. HP: 15/16 MP: 8/8
  1122 | D:2      | Found a burning altar of Makhleb.
  1178 | D:2      | Mangled by an orc

Skill      XL: |  1  2  3 |
---------------+----------+-----
Stealth        | 5 |  5.5
Spellcasting   | 3 |  3.3
Hexes          | 4 |  4.0
Short Blades   | |  1.8
Dodging        | |  3.6

Action                   || total
-------------------------++-------
Melee: Dagger            ||   108
 Stab: Sleeping          ||    10
Armor: Robe              ||     4
Dodge: Dodged            ||    67
